 Dungeon Crawl Stone Soup version 0.30.1 (webtiles) character file.

Game seed: 12998866703573101288

109 GeoRichter the Chiller (level 4, 0/33 HPs)
             Began as a Draconian Ice Elementalist on July 5, 2023.
             Was a Believer of Vehumet.
             Slain by Pikel
             ... wielding a +1 whip of flaming
              (10 damage)
             ... on level 4 of the Dungeon.
             The game lasted 00:05:21 (2961 turns).

GeoRichter the Chiller (Draconian Ice Elementalist) Turns: 2961, Time: 00:05:22

Health: 0/33       AC: 11    Str: 10    XL:     4   Next: 59%
Magic:  0/8        EV: 12    Int: 17    God:    Vehumet [**....]
Gold:   216        SH:  0    Dex: 18    Spells: 1/9 levels left

rFire   . . .        a - +0 dagger
rCold   . . .        (no shield)
rNeg    . . .        (body armour unavailable)
rPois   .            (helmet restricted)
rElec   .            (no cloak)
rCorr   .            (no gloves)
SInv    .            (no boots)
Will    .....        (no amulet)
Stlth   ++           d - +6 ring of dexterity
HPRegen 0.25/turn    (no ring)
MPRegen 0.11/turn

%: no passive effects
@: ice-armoured, about to teleport, freezing walls
A: AC +5, unfitting armour, cold-blooded
a: Renounce Religion


You were on level 4 of the Dungeon.
You worshipped Vehumet.
Vehumet was pleased with you.
You visited 1 branch of the dungeon, and saw 4 of its levels.

You collected 216 gold pieces.

Inventory:

Hand Weapons
 a - a +0 dagger (weapon)
   (You took it off a goblin on level 1 of the Dungeon)
Missiles
 g - a throwing net {!f}
Jewellery
 d - a +6 ring of dexterity (left hand)
   (You found it on level 3 of the Dungeon)
Scrolls
 e - a scroll of torment {unknown}
 h - a scroll of silence
 i - a scroll of magic mapping {unknown}
 m - a scroll of immolation {unknown}
 n - a scroll of noise {unknown}
 o - a scroll of identify {@r1}
Potions
 b - a potion of cancellation {unknown}
 c - a potion of brilliance
 j - a potion of degeneration {unknown}
 k - a potion of heal wounds {@q2}
 l - a potion of attraction {unknown}
 p - a potion of curing {unknown}


   Skills:
 - Level 1.7 Dodging
 - Level 1.7 Stealth
 + Level 3.0 Spellcasting
 * Level 5.5 Ice Magic


You had one spell level left.
You knew the following spells:

 Your Spells              Type           Power      Damage    Failure   Level
a - Freeze                Ice            84%        1d9       1%          1
b - Frozen Ramparts       Ice            42%        1d7       5%          3
c - Ozocubu's Armour      Ice            21%        N/A       5%          3
d - Magic Dart            Conj           8%         1d3       17%         1

Your spell library contained the following spells:

 Spells                   Type           Power      Damage    Failure   Level
 Summon Ice Beast         Ice/Summ       11%        N/A       50%         4


Dungeon Overview and Level Annotations

Branches:
Dungeon (4/15) Zot: 21037
 Temple: D:4-7

Altars:
Hepliaklqana
Sif Muna
Vehumet

Annotations:
D:2 Natasha, Terence
D:4 exclusion: lemure, Pikel


Innate Abilities, Weirdness & Mutations

Your plain brown scales are hard. (AC +5)
You cannot fit into any form of body armour.
You are cold-blooded and may be slowed by cold attacks.


Message History

Pikel burns you.
* * * LOW HITPOINT WARNING * * *
The heat melts your icy armour.
Casting: Frozen Ramparts (dangerous; 5% risk of failure)
Confirm with . or Enter, or press ? or * to list all spells.
Casting: Frozen Ramparts (dangerous; 5% risk of failure)
Press: ? - help, Dir - look around, f - activate The walls around you are covered in ice.
The wall freezes the lemure.
The wall freezes the lemure but does no damage.
The wall freezes Pikel.
Pikel hits you with a +1 whip of flaming.
* * * LOW HITPOINT WARNING * * *
Pikel burns you.
* * * LOW HITPOINT WARNING * * *
The heat melts your icy armour.
It was a potion of heal wounds.
You feel much better.
The wall freezes the lemure but does no damage.
The wall freezes the lemure.
The wall freezes Pikel.
Pikel hits you with a +1 whip of flaming.
Pikel burns you. The heat melts your icy armour.
You hit Pikel but do no damage.
Pikel is lightly wounded.
The wall freezes the lemure but does no damage.
The wall freezes the lemure.
The wall freezes Pikel but does no damage.
Pikel hits you but does no damage.
You closely miss Pikel.
Pikel is lightly wounded.
The wall freezes the lemure.
The wall freezes the lemure but does no damage.
The wall freezes Pikel.
Pikel hits you with a +1 whip of flaming!
* * * LOW HITPOINT WARNING * * *
Pikel burns you.
* * * LOW HITPOINT WARNING * * *
The heat melts your icy armour.
As you read the scroll of teleportation {@r4}, it crumbles to dust.
You feel strangely unstable.
The wall freezes the lemure. x2
You kill the lemure!
That felt strangely unrewarding.
The wall freezes Pikel.
Pikel hits you but does no damage.
You closely miss Pikel.
Pikel is moderately wounded.
The wall freezes the lemure.
The wall freezes the lemure but does no damage.
The wall freezes Pikel but does no damage.
Pikel hits you with a +1 whip of flaming!
You die...

# #.# ###.######.###
#............############
....#.##...........<.......
# .5 #.###.#.############
.... #.# #.#.#.. ### #.#
#.#.#.# # #.# #.#.#.# #
#.##.###.#.#@# #
#........#.#K# #
#.##.#####.#5# ###.# #.#
#.#5# ....# ..# #>..# #####
#### ###.# # #.#
################.###
.........55.K.†....#


You could see Pikel and 2 lemures.

Vanquished Creatures
  A lemure (D:4)
  5 adders
  A dart slug (D:3)
  2 orcs (D:3)
  8 ball pythons
  5 bats
  8 endoplasms
  A giant cockroach (D:3)
  6 goblins
  10 hobgoblins
  3 frilled lizards (D:2)
  4 kobolds
  4 rats
58 creatures vanquished.

Notes
Turn   | Place    | Note
-------+----------+-------------------------------------------
     0 | D:1      | GeoRichter the Draconian Ice Elementalist began the quest
                  | for the Orb.
     0 | D:1      | Reached XP level 1. HP: 14/14 MP: 3/3
   151 | D:1      | Found a faded altar of an unknown god.
   210 | D:1      | Prayed at the altar of an unknown god.
   210 | D:1      | Became a worshipper of Vehumet
   210 | D:1      | Reached * piety under Vehumet
   210 | D:1      | Offered knowledge of Foxfire by Vehumet.
   278 | D:1      | Reached XP level 2. HP: 15/20 MP: 1/5
  1102 | D:2      | Noticed Terence
  1181 | D:2      | Reached XP level 3. HP: 26/26 MP: 3/6
  1185 | D:2      | Learned a level 3 spell: Frozen Ramparts
  1449 | D:2      | Learned a level 3 spell: Ozocubu's Armour
  1671 | D:2      | Offered knowledge of Magic Dart by Vehumet.
  1673 | D:2      | Reached ** piety under Vehumet
  1711 | D:2      | Reached skill level 5 in Ice Magic
  1802 | D:2      | Noticed Natasha
  1811 | D:2      | HP: 1/26 [Terence/+3 morningstar of holy wrath (11)]
  2050 | D:3      | Reached XP level 4. HP: 33/33 MP: 6/8
  2692 | D:3      | Found a hazy altar of Hepliaklqana.
  2730 | D:3      | Found a shimmering blue altar of Sif Muna.
  2767 | D:3      | Learned a level 1 spell: Magic Dart
  2800 | D:4      | Noticed Pikel
  2800 | D:4      | Noticed a lemure
  2905 | D:4      | Noticed a lemure
  2905 | D:4      | Noticed a lemure
  2950 | D:4      | Noticed a lemure
  2956 | D:4      | HP: 1/33 [Pikel/+1 whip of flaming (2)]
  2960 | D:4      | Killed a lemure
  2961 | D:4      | Slain by Pikel

Illustrated notes

Levels and vault maps discovered:
D:1:      psy_arrival_conway, layout_basic, hellmonk_ecumenical_altar_crossroads
D:2:      layout_basic, uniq_crazy_yiuf_cottage, uniq_terence, uniq_natasha
D:3:      layout_loops_ring, mainiacjoe_overflow_two_lobes
D:4:      layout_loops_ring, serial_shops, nicolae_shop_hallway_stairs,
          nicolae_stop_n_shop_1, shop, nicolae_shop_back_alley_shop,
          uniq_edmund, uniq_pikel

Skill      XL: |  1  2  3  4 |
---------------+-------------+-----
Ice Magic      | 5 |  5.5
Spellcasting   | 3 |  3.0
Dodging        | |  1.7
Stealth        | |  1.7

Action                     |  1- 3 |  4- 6 || total
---------------------------+-------+-------++-------
  Melee: Unarmed           |    10 |       ||    10
         Dagger            |    12 |    21 ||    33
         Tailslap          |     2 |     2 ||     4
   Cast: Freeze            |    67 |    22 ||    89
         Frozen Ramparts   |     1 |     2 ||     3
         Ozocubu's Armour  |     1 |     1 ||     2
    Use: Potion            |     4 |     1 ||     5
         Scroll            |     2 |     1 ||     3
 Armour: Skin              |    21 |     9 ||    30
  Dodge: Dodged            |    45 |    18 ||    63
